 Dungeon Crawl Stone Soup version 0.27.1-3-gb3d3a73c9e (webtiles) character file.

Game seed: 9673403650682951948

75 BoneStone the Skirmisher (level 4, 0/42 HPs)
             Began as a Naga Fighter on Oct 9, 2021.
             Was an Initiate of Gozag.
             Killed from afar by a dart slug (3 damage)
             ... with a slug dart
             ... on level 3 of the Dungeon.
             The game lasted 00:14:13 (2780 turns).

BoneStone the Skirmisher (Naga Fighter)             Turns: 2780, Time: 00:14:14

Health: 0/42       AC:  5    Str: 19    XL:     4   Next: 31%
Magic:  4/4        EV:  5    Int: 15    God:    Gozag
Gold:   314        SH:  8    Dex: 10    Spells: 3/3 levels left

rFire    . . .     SeeInvis +   a - +0 long sword
rCold    . . .     Faith    .   c - +0 kite shield
rNeg     . . .     Spirit   .   b - +0 scale mail
rPois    +         Reflect  .   (no helmet)
rElec    .         Harm     .   (no cloak)
rCorr    .         Rampage  .   (no gloves)
Will     .....                  (no barding)
Stlth    ..........             (no amulet)
HPRegen  0.14/turn              l - +6 ring of intelligence
MPRegen  0.09/turn              (no ring)

@: short of breath, very slow
A: AC +1, large, see invisible, deformed body, poison resistance, slowness 2,
spit poison 1, naga tail 1
a: Spit Poison, Renounce Religion, Potion Petition, Call Merchant, Bribe Branch


You were on level 3 of the Dungeon.
You worshipped Gozag.
Gozag was aware of your devotion.
You visited 1 branch of the dungeon, and saw 3 of its levels.

You collected 314 gold pieces.

Inventory:

Hand Weapons
 a - a +0 long sword (weapon)
Armour
 b - a +0 scale mail (worn)
 c - a +0 kite shield (worn)
Magical Staves
 k - a staff of death
Jewellery
 l - a +6 ring of intelligence (left hand)
 m - a ring of protection from fire
Scrolls
 g - 2 scrolls of amnesia
 h - 2 scrolls of identify
 j - 2 scrolls of immolation
Potions
 d - a potion of might


   Skills:
 + Level 3.4 Fighting
 + Level 2.8 Long Blades
 + Level 3.1 Armour
 + Level 0.2 Dodging
 + Level 2.8 Shields


You had 3 spell levels left.
You didn't know any spells.
Your spell library was empty.

Dungeon Overview and Level Annotations

Branches:
Dungeon (3/15)

Altars:
Gozag

Annotations:
D:3 Ijyb


Innate Abilities, Weirdness & Mutations

Your serpentine skin is tough. (AC +1)
You have supernaturally acute eyesight. (SInv)
Armour fits poorly on your strangely shaped body.
Your system is resistant to poisons. (rPois)
You cover ground very slowly.
You can spit poison.
You have a snake-like lower body.


Message History

Found 26 stones.
A frilled lizard comes into view.
The frilled lizard hisses angrily.
Abil: Spit Poison
Press: ? - help, Q - select action, (/) - cycle Shift-Dir - straight line, f - you Really target yourself?
Okay, then.
Ijyb the Twisted Goblin comes into view.
She is wielding a +0 club and carrying a wand of iceblast (7).
Found 20 stones.
Ijyb shouts!
Abil: Spit Poison
Press: ? - help, Q - select action, (/) - cycle Shift-Dir - straight line, f - Ijyb
Aim: Ijyb, wielding a +0 club, wearing a +0 leather armour and carrying a wand of iceblast (7)
The splash of poison hits Ijyb.
Ijyb is lightly wounded.
Ijyb screams, "Get away!"
Ijyb zaps a wand.
The mass of ice explodes!
The iceblast engulfs you!
Ijyb zaps a wand.
The mass of ice explodes!
The iceblast engulfs you!
Ijyb zaps a wand.
The mass of ice explodes!
The iceblast engulfs you!!
* * * LOW HITPOINT WARNING * * *
As you read the scroll of teleportation, it crumbles to dust.
You feel strangely unstable. The frilled lizard bites you.
* * * LOW HITPOINT WARNING * * *
You have got your breath back.
Abil: Spit Poison
Press: ? - help, Q - select action, (/) - cycle Shift-Dir - straight line, f/p - Ijyb
Aim: Ijyb, wielding a +0 club, wearing a +0 leather armour and carrying a wand of iceblast (4) (lightly wounded)
The splash of poison misses the frilled lizard.
The splash of poison misses Ijyb.
Your surroundings suddenly seem different.
A dart slug comes into view.
The dart slug bites you.
* * * LOW HITPOINT WARNING * * *
A white imp comes into view.
The white imp shouts!
The dart slug launches a dart at you. The slug dart hits you.
You die...
Your body crumbles into a pile of gold.

.##. ...#
#...
...####
.....
...###.##
#.....5..
#@#
#.####.#
#.w....#
########


You could see a white imp and a dart slug.

Vanquished Creatures
  2 adders
  A worm (D:2)
  3 dart slugs (D:2)
  5 ball pythons
  5 bats
  3 endoplasms
  2 giant cockroaches
  2 goblins
  4 hobgoblins
  4 jackals (D:1)
  8 kobolds
  3 quokkas
  2 frilled lizards (D:2)
  2 rats
46 creatures vanquished.

Notes
Turn   | Place    | Note
-------+----------+-------------------------------------------
     0 | D:1      | BoneStone the Naga Fighter began the quest for the Orb.
     0 | D:1      | Reached XP level 1. HP: 21/21 MP: 1/1
   310 | D:1      | Found a faded altar of an unknown god.
   316 | D:1      | Reached XP level 2. HP: 28/28 MP: 2/2
   641 | D:1      | Became a worshipper of Gozag Ym Sagoz the Greedy
  1180 | D:1      | Reached XP level 3. HP: 29/34 MP: 3/3
  2267 | D:2      | Reached XP level 4. HP: 37/42 MP: 4/4
  2770 | D:3      | Noticed Ijyb
  2780 | D:3      | Killed from afar by a dart slug

Illustrated notes

Levels and vault maps discovered:
D:1:      sevenhm_arrival_forest_fort_small_5, layout_loops_corners,
          ebering_ecumenical_altar_sacrificial, minmay_misc_feat_alley
D:2:      layout_loops_cross
D:3:      layout_loops_corners, mainiacjoe_overflow_alcove_2, uniq_ijyb,
          uniq_natasha

Skill      XL: |  1  2  3 |
---------------+----------+-----
Armour         | 3 |  3.1
Fighting       | |  3.4
Long Blades    | |  2.8
Dodging        | |  0.2
Shields        | |  2.8

Action                   |  1- 3 |  4- 6 || total
-------------------------+-------+-------++-------
Melee: Long sword        |   115 |    26 ||   141
 Abil: Spit Poison       |    23 |     8 ||    31
  Use: Scroll            |     3 |     3 ||     6
Armor: Scale mail        |    55 |    15 ||    70
Dodge: Dodged            |    42 |     6 ||    48
Block: Kite shield       |    65 |    14 ||    79
       Rpst.: Long sword |    17 |       ||    17
